 Dungeon Crawl Stone Soup version 0.26.1-10-gdfb7c7de75 (webtiles) character file.

Game seed: 5471290104772898964

50 sankara the Insei (level 3, -1/26 HPs)
             Began as a Merfolk Transmuter on Apr 3, 2021.
             Slain by Terence
             ... wielding a +2 flail of protection
              (9 damage)
             ... on level 2 of the Dungeon.
             The game lasted 00:03:44 (1607 turns).

sankara the Insei (Merfolk Transmuter)              Turns: 1607, Time: 00:03:45

Health: -1/26      AC:  2    Str: 10    XL:     3   Next: 79%
Magic:  6/6        EV: 13    Int: 12    God:
Gold:   54         SH:  4    Dex: 15    Spells: 0/6 levels left

rFire    . . .     SeeInvis .     - Unarmed
rCold    . . .     Faith    .   j - +0 buckler
rNeg     . . .     Spirit   .   a - +0 robe
rPois    .         Reflect  .   (helmet currently unavailable)
rElec    .         Harm     .   (no cloak)
rCorr    .         Rampage  .   (no gloves)
Will     .....                  (boots currently unavailable)
Stlth    +.........             (no amulet)
HPRegen  0.08/turn              (no ring)
MPRegen  0.10/turn              (no ring)

@: appendages (expiring)
A: change form in water, swift swim, stealthy swim, horns 2
a: End Transformation


You were on level 2 of the Dungeon.
You had grown temporary horns.
You visited 1 branch of the dungeon, and saw 2 of its levels.

You collected 54 gold pieces.

Inventory:

Missiles
 e - 18 sling bullets
 k - 9 poisoned darts
 q - 15 stones
Armour
 a - a +0 robe (worn)
 c - a +0 hat (melded)
 j - a +0 buckler (worn)
Scrolls
 b - a scroll of enchant weapon {unknown}
 d - a scroll of fog {unknown}
 g - 3 scrolls of remove curse {unknown}
 l - a scroll of magic mapping {unknown}
 m - 3 scrolls of teleportation {unknown}
 n - a scroll of blinking {unknown}
 p - a scroll of fear {unknown}
Potions
 f - 3 potions of heal wounds {unknown}
 h - a potion of flight {unknown}
 i - a potion of haste {unknown}
 o - a potion of ambrosia {unknown}
 r - a potion of berserk rage {unknown}
 s - a potion of attraction {unknown}


   Skills:
 - Level 1.1 Fighting
 + Level 3.3 Dodging
 + Level 0.7 Shields
 * Level 4.0 Unarmed Combat
 - Level 2.0 Spellcasting
 * Level 3.8 Transmutations
 + Level 0.0 Poison Magic


You couldn't memorise any spells.
You knew the following spells:

 Your Spells              Type           Power        Failure   Level
a - Beastly Appendage     Tmut           20%          9%          1
b - Wereblood             Tmut           10%          13%         2
c - Spider Form           Tmut/Pois      2%           50%         3

Your spell library contained the following spells:

 Spells                   Type           Power        Failure   Level
 Ice Form                 Ice/Tmut       5%           88%         4
 Blade Hands              Tmut           5%           93%         5


Dungeon Overview and Level Annotations

Branches:
Dungeon (2/15)

Altars:
Nemelex Xobeh

Annotations:
D:2 Terence


Innate Abilities, Weirdness & Mutations

You revert to your normal form in water.
You are very nimble and swift while swimming.
You are very stealthy in the water. (Stealth+)
You have a pair of horns on your head.


Message History

You are too injured to fight recklessly!
You are too injured to fight recklessly!
You barely miss Terence.
Terence is heavily wounded.
You block Terence's attack.
You hit Terence but do no damage. Your headbutt misses Terence.
Terence is heavily wounded.
A frilled lizard comes into view.
You closely miss Terence.
The frilled lizard hisses angrily.
Your headbutt misses Terence.
Terence is heavily wounded.
Terence misses you.
You hit Terence but do no damage.
Terence is heavily wounded.
Terence barely misses you.
You hit Terence but do no damage.
Terence is heavily wounded.
Terence hits you with a +2 flail of protection!
You die...

#..†.....#.......#
#####............#######. #
#####.#.#.......[........
###...#.#+#........#######.
...............#..#......
.≈†.....................#
≈≈≈...............#.###.#
≈.≈≈.......#..##.##.# #
...≈...........(@...#
............#..#@##..$..
##.#...........#g# ####
#.........#.. ...
###.......#.. ... .... #.
...l. .. ..... ......)


You could see Terence, a goblin and a frilled lizard.

Vanquished Creatures
  A worm (D:2)
  2 dart slugs
  4 leopard geckos
  3 bats
  5 giant cockroaches
  5 goblins
  2 hobgoblins (D:1)
  2 jackals (D:1)
  A quokka (D:2)
  3 frilled lizards
  4 kobolds (D:1)
  3 rats
35 creatures vanquished.

Notes
Turn   | Place    | Note
-------+----------+-------------------------------------------
     0 | D:1      | sankara the Merfolk Transmuter began the quest for the Orb.
     0 | D:1      | Reached XP level 1. HP: 15/15 MP: 3/3
   173 | D:1      | Reached XP level 2. HP: 19/21 MP: 3/5
   582 | D:1      | Reached XP level 3. HP: 26/26 MP: 4/6
   993 | D:1      | Found a sparkling altar of Nemelex Xobeh.
  1352 | D:2      | Reached skill level 4 in Unarmed Combat
  1367 | D:2      | Learned a level 2 spell: Wereblood
  1371 | D:2      | Learned a level 3 spell: Spider Form
  1589 | D:2      | Noticed Terence
  1607 | D:2      | Slain by Terence

Illustrated notes

Levels and vault maps discovered:
D:1:      lightli_arrival_quake, layout_basic, nemelex_diamond_rough_becter
D:2:      layout_basic, nicolae_overflow_crystal_walls, dk_vineyard_3,
          item_on_display_a, uniq_terence

Skill      XL: |  1  2  3 |
---------------+----------+-----
Transmutations | 3 |  3.8
Dodging        | 3 |  3.3
Unarmed Combat | 4 |  4.0
Fighting       | |  1.1
Shields        | |  0.7
Spellcasting   | |  2.0

Action                   || total
-------------------------++-------
Melee: Unarmed           ||   113
       Headbutt          ||    16
 Cast: Beastly Appendage ||    19
 Stab: Sleeping          ||     1
Armor: Robe              ||    15
Dodge: Dodged            ||    77
Block: Buckler           ||    11
